 Dungeon Crawl Stone Soup version 0.30.0-29-ga12c61a403 (webtiles) character file.

Game seed: 16043855025138451795

123 Fodor the Covered (level 4, -3/41 HPs)
             Began as a Minotaur Fighter on June 12, 2023.
             Was a Believer of Qazlal.
             Slain by a river rat (6 damage)
             ... in a sewer.
             The game lasted 00:12:15 (2850 turns).

Fodor the Covered (Minotaur Fighter)                Turns: 2850, Time: 00:12:16

Health: -3/41      AC:  7    Str: 27    XL:     4   Next: 79%
Magic:  3/3        EV: 10    Int: 10    God:    Qazlal [**....]
Gold:   108        SH:  8    Dex: 17    Spells: 3/3 levels left

rFire   x . .        a - +1 long sword
rCold   . . .        c - +0 buckler
rNeg    . . .        b - +0 scale mail
rPois   .            (helmet restricted)
rElec   +            (no cloak)
rCorr   .            (no gloves)
SInv    .            (no boots)
Will    +++..        (no amulet) Stlth
                     q - ring "Sidiczuf" {rElec rF- Will+++ Int+5 Dex+6}
HPRegen 0.26/turn    r - +6 ring of strength
MPRegen 0.08/turn

%: no passive effects
@: no status effects
A: horns 2, retaliatory headbutt
a: Renounce Religion, Upheaval


You were in a sewer.
You worshipped Qazlal.
Qazlal was pleased with you.
You visited 1 branch of the dungeon, and saw 3 of its levels.
You also visited: Sewer.

You collected 108 gold pieces.

Inventory:

Hand Weapons
 a - a +1 long sword (weapon)
Missiles
 m - 23 stones (quivered)
Armour
 b - a +0 scale mail (worn)
 c - a +0 buckler (worn)
Jewellery
 q - the ring "Sidiczuf" (left hand) {rElec rF- Will+++ Int+5 Dex+6}
   (You found it on level 2 of the Dungeon)

   [ring of dexterity]

   Int:       It affects your intelligence (+5).
   Dex:       It affects your dexterity (+6).
   rF:        It makes you vulnerable to fire.
   rElec:     It insulates you from electricity.
   Will:      It greatly increases your willpower.
 r - a +6 ring of strength (right hand)
Scrolls
 h - a scroll of enchant weapon
 j - a scroll of poison {unknown}
 o - a scroll of teleportation {unknown}
 p - a scroll of torment {unknown}
 t - a scroll of acquirement {unknown}
 v - 2 scrolls of immolation {unknown}
 w - a scroll of identify {unknown}
Potions
 d - 3 potions of might
 e - a potion of lignification
 n - a potion of flight {unknown}
 s - a potion of attraction {unknown}
 u - 2 potions of mutation {unknown}
 x - a potion of haste {unknown}


   Skills:
 + Level 4.4 Fighting
 + Level 4.0 Long Blades
 + Level 4.6 Armour
 + Level 0.7 Dodging
 + Level 4.2 Shields


You had 3 spell levels left.
You didn't know any spells.
Your spell library was empty.

Dungeon Overview and Level Annotations

Branches:
Dungeon (3/15)              Sewer (1/1)

Altars:
Qazlal


Innate Abilities, Weirdness & Mutations

You have a pair of horns on your head.
You reflexively headbutt those who attack you in melee.


Message History

You feel better. The rat bites you.
* * * LOW HITPOINT WARNING * * *
The river rat bites you but does no damage.
You block the river rat's attack. The rat bites you but does no damage.
It was a potion of ambrosia.
You are confused.
You feel invigorated. The rat bites you but does no damage.
The river rat bites you.
* * * LOW HITPOINT WARNING * * *
The river rat bites you but does no damage.
The rat bites you.
* * * LOW HITPOINT WARNING * * *
Unknown command.
Unknown command.
It was a potion of cancellation.
Your magical effects are unravelling.
You feel magically purged.
You feel less wooden.
Your +0 scale mail unmelds from your body.
You feel less invigorated.
You feel less confused.
The rat splashes around in the water.
The river rat bites you.
* * * LOW HITPOINT WARNING * * *
The river rat bites you.
* * * LOW HITPOINT WARNING * * *
The rat barely misses you.
It was a potion of magic.
Magic courses through your body. The rat closely misses you.
You block the river rat's attack. The river rat bites you.
* * * LOW HITPOINT WARNING * * *
You block the rat's attack.
Unknown command.
Unknown command.
You barely miss the river rat. You headbutt the river rat.
You kill the river rat!
Qazlal accepts your kill. The rat bites you.
* * * LOW HITPOINT WARNING * * *
The rat barely misses you. The river rat bites you.
You die...

..~~~ #......~≈≈..##
...
####......~~~~..##...
#∩# #.....~~≈.......#
#.###.....~~~......#
#..#.......~~......#
##.........~~......#
##........≈≈rr....##
##.....~~~†@r.....#
##.....~≈≈†.......#
#......~~≈~....#...
#.....~~≈≈~≈~.## .
#..#...~≈≈≈≈~~.#
#.###..~~≈≈≈~.... #∩
##..~≈≈≈≈~~.... ##
#.†.†≈≈≈≈≈.....
##...~≈≈≈≈~#.


You could see a river rat and 2 rats.

Vanquished Creatures
  2 adders
  5 river rats (Sewer)
  A worm (D:3)
  A dart slug (D:1)
  8 ball pythons
  2 bats
  7 endoplasms
  3 giant cockroaches
  4 goblins
  8 hobgoblins
  2 kobolds (D:1)
  3 quokkas (D:1)
  2 frilled lizards
  16 rats
64 creatures vanquished.

Notes
Turn   | Place    | Note
-------+----------+-------------------------------------------
     0 | D:1      | Fodor the Minotaur Fighter began the quest for the Orb.
     0 | D:1      | Reached XP level 1. HP: 19/19 MP: 0/0
   161 | D:1      | Reached XP level 2. HP: 4/27 MP: 1/1
   930 | D:1      | Reached XP level 3. HP: 33/33 MP: 2/2
  1359 | D:2      | Identified the ring "Sidiczuf" {rElec rF- Will+++ Int+5
                  | Dex+6}
  1934 | D:2      | Found a faded altar of an unknown god.
  1949 | D:2      | Prayed at the altar of an unknown god.
  1949 | D:2      | Became a worshipper of Qazlal Stormbringer
  1949 | D:2      | Reached * piety under Qazlal
  2729 | D:3      | Found a glowing drain.
  2742 | D:3      | Reached XP level 4. HP: 41/41 MP: 3/3
  2754 | Sewer    | Entered a sewer
  2830 | Sewer    | Reached ** piety under Qazlal
  2850 | Sewer    | Slain by a river rat

Illustrated notes

Levels and vault maps discovered:
D:1:      lightli_arrival_statue_moat, layout_basic
D:2:      layout_basic, shapermc_ecumenical_altar_pompeii,
          kennysheep_generic_room_9
D:3:      cheibrodos_greedy_goblins, layout_basic, serial_glass,
          glass_columns_b, glass_columns_b, cheibrodos_sewer_entry_drain,
          minivault_25, kennysheep_jessica_study
Sewer:    sewer_minmay_treatment

Skill      XL: |  1  2  3  4 |
---------------+-------------+-----
Fighting       | 4 |  4.4
Shields        | 4 |  4.2
Armour         | 4 |  4.6
Long Blades    | 3 4 |  4.0
Dodging        | |  0.7

Action                     |  1- 3 |  4- 6 || total
---------------------------+-------+-------++-------
  Melee: Long sword        |    92 |    21 ||   113
         Headbutt          |    13 |     4 ||    17
  Throw: Stone             |       |     2 ||     2
    Use: Potion            |       |     6 ||     6
         Scroll            |       |     2 ||     2
 Armour: Scale mail        |    35 |    20 ||    55
         Skin              |       |     7 ||     7
  Dodge: Dodged            |    46 |    19 ||    65
  Block: Buckler           |    34 |    32 ||    66
